 Dungeon Crawl Stone Soup version 0.10.4 character file.

623 MordorOrchid the Firebug (level 6, -3/36 HPs)
             Began as an Octopode Fire Elementalist on Sept 26, 2019.
             Shot with an arrow by a centaur (11 damage)
             ... on Level 5 of the Dungeon.
             The game lasted 00:30:51 (4096 turns).

MordorOrchid the Firebug (OpFE)                     Turns: 4096, Time: 00:30:51

HP  -3/36        AC  1     Str  8      XL: 6   Next: 91%
MP  10/13        EV 13     Int 19      God:
Gold 206         SH  0     Dex 12      Spells:  4 memorised,  3 levels left

Res.Fire  : . . .   See Invis. : .   d - -1,+1 orc whip (venom)
Res.Cold  : . . .   Warding    : . . (no shield)
Life Prot.: . . .   Conserve   : .   (helmet restricted)
Res.Acid. : . . .   Res.Corr.  : .   (no amulet)
Res.Poison: .       Clarity    : .   (no ring)
Res.Elec. : .       Spirit.Shd : .   (no ring)
Sust.Abil.: . .     Stasis     : .   (no ring)
Res.Mut.  : .       Ctrl.Telep.: .   (no ring)
Res.Rott. : .       Levitation : .   (no ring)
Saprovore : . . .   Ctrl.Flight: .   (no ring)
                                     (no ring)
                                     (no ring)

@: burdened, hasted, very quick, slightly resistant to hostile enchantments,
fairly stealthy
A: almost no armour, amphibious, constrict 8, camouflage 1, tentacles 3, AC +1
a: no special abilities


You were on level 5 of the Dungeon.
You were encumbered.
You were not hungry.

You visited 1 branch of the dungeon, and saw 5 of its levels.
You visited 1 portal chamber: sewer.

You collected 186 gold pieces.

Inventory:

Hand weapons
 d - a -1,+1 orcish whip of venom (weapon)
 e - a +1,+0 elven short sword
 I - a -1,+0 orcish falchion
Missiles
 f - 25 +1 bolts
 g - 23 +0 stones (quivered)
 E - 10 +0 arrows of flame
 M - a +3 dart
Magical devices
 p - a wand of confusion (8)
 u - a wand of magic darts (5)
Comestibles
 c - 6 bread rations
 h - 3 meat rations
 r - 2 chunks of hound flesh
 H - a choko
Scrolls
 a - 3 scrolls of detect curse
 k - a scroll of enchant armour {unknown}
 l - 3 scrolls of remove curse
 q - a scroll of enchant weapon I {unknown}
 t - 4 scrolls of fear
 v - 2 scrolls of teleportation {unknown}
 x - a scroll of blinking {unknown}
 z - a scroll of curse jewellery {unknown}
 A - a scroll of curse weapon {unknown}
 D - a scroll of recharging
 K - a scroll of enchant weapon II {unknown}
 L - a scroll of magic mapping {unknown}
Jewellery
 y - an uncursed ring of ice
Potions
 j - 3 potions of magic
 m - 2 potions of speed
 s - a potion of slowing {unknown}
 w - a potion of curing {unknown}
 B - 2 potions of brilliance {unknown}
 F - 3 potions of levitation
 G - a potion of heal wounds {unknown}
 J - 2 potions of might {unknown}
Books
 b - a book of Flames

   Spells                             Type                      Level
   *Flame Tongue                      Conjuration/Fire             1
   *Throw Flame                       Conjuration/Fire             2
   *Conjure Flame                     Conjuration/Fire             3
   *Inner Flame                       Hexes/Fire                   3
   Sticky Flame                       Conjuration/Fire             4
   Fireball                           Conjuration/Fire             5
 n - the Incunabulum of Boosting Attacks
   (You found it on level 4 of the Dungeon)

   Spells                             Type                      Level
   *Flame Tongue                      Conjuration/Fire             1
   Throw Frost                        Conjuration/Ice              2
   Control Teleport                   Charms/Translocation         4
   See Invisible                      Charms                       4
   Poisonous Cloud                    Conjuration/Poison/Air       6
Miscellaneous
 o - a plain deck of summonings


   Skills:
 - Level 1.0 Fighting
 * Level 3.6 Dodging
 - Level 3.3 Stealth
 * Level 3.5 Spellcasting
 * Level 4.2 Conjurations
 + Level 0.3 Hexes
 + Level 4.5 Fire Magic
 * Level 1.4 Evocations


You had 3 spell levels left.
You knew the following spells:

 Your Spells              Type           Power        Failure   Level  Hunger
a - Flame Tongue          Fire/Conj      ####..       2%          1    None
b - Throw Flame           Fire/Conj      ####...      4%          2    Strawberry
c - Conjure Flame         Fire/Conj      ####.....    10%         3    Choko
d - Inner Flame           Fire/Hex       ###......    17%         3    Choko

Dungeon Overview and Level Annotations

Branches:
Dungeon (5/27)
 Temple: D:4-7

Altars:
Ashenzari
Makhleb
Nemelex Xobeh


Innate Abilities, Weirdness & Mutations

You cannot wear most types of armour.
You can wear up to eight rings at the same time.
You are amphibious.
You can use your tentacles to constrict many enemies at once.
Your rubbery body absorbs attacks (AC +1).
Your skin changes colour to match your surroundings (Stlth).
You have a mass of large tentacles instead of arms.


Message History

The centaur is lightly wounded.
The centaur shoots an arrow.
The arrow misses you.
Casting: Flame Tongue
Confirm with . or Enter, or press ? or * to list all spells.
Aiming: Flame Tongue
Press: ? - help, Shift-Dir - straight line, f/p - centaur
Aim: a centaur, wielding a glowing bow (lightly wounded)
The flame hits the centaur.
The centaur is heavily wounded.
The centaur shoots an arrow.
The arrow hits you!
* * * LOW HITPOINT WARNING * * *
Casting: Flame Tongue
Confirm with . or Enter, or press ? or * to list all spells.
Aiming: Flame Tongue
Press: ? - help, Shift-Dir - straight line, f/p - centaur
Aim: a centaur, wielding a glowing bow (heavily wounded)
The flame hits the centaur.
The centaur appears unharmed.
The centaur is heavily wounded.
The centaur shoots an arrow.
The arrow hits you!
You die...

#.# .#... #.# ....# #.#
....##### #.# ..........
#.# ###........ # #.#
#<......... ####.#
#....(#####
...#.###......(..# # #
...%)##...#.....@#.#...##
....%...........(........
............######sc.....
#######...### ....#.
#...# ...# ##### ####


You could see a centaur and a giant mite.

Vanquished Creatures
  Purgy (Port)
  A big fish (D:4)
  2 hounds (D:5)
  An iguana (D:5)
  4 adders
  4 gnolls (D:4)
  2 adder skeletons
  A giant mite (D:4)
  2 worms
  A giant gecko (D:4)
  A gnoll skeleton (D:5)
  8 orcs
  13 bats
  3 giant cockroaches
  10 goblins
  8 hobgoblins
  6 jackals
  10 kobolds
  3 ball pythons
  5 giant newts
  15 rats
101 creatures vanquished.

Vanquished Creatures (others)
  A goblin (D:1)
  7 toadstools
8 creatures vanquished.

Grand Total: 109 creatures vanquished

Notes
Turn   | Place    | Note
--------------------------------------------------------------
     0 | D:1      | MordorOrchid, the Octopode Fire Elementalist, began the quest for the Orb.
     0 | D:1      | Reached XP level 1. HP: 11/11 MP: 3/3
   153 | D:1      | Reached XP level 2. HP: 15/17 MP: 0/4
   157 | D:1      | Learned a level 2 spell: Throw Flame
   418 | D:1      | Found a shattered altar of Ashenzari.
   755 | D:1      | Reached skill level 1 in Fighting
   755 | D:1      | Reached XP level 3. HP: 21/21 MP: 6/6
  1101 | D:2      | Found a sparkling altar of Nemelex Xobeh.
  1357 | D:2      | Learned a level 3 spell: Conjure Flame
  1936 | D:4      | Reached XP level 4. HP: 24/27 MP: 0/8
  2240 | D:4      | Found a burning altar of Makhleb.
  2287 | D:4      | Got a glistering book
  2288 | D:4      | Identified the Incunabulum of Boosting Attacks (You found it on level 4 of the Dungeon)
  2413 | D:4      | Found a glowing drain.
  2507 | D:4      | Reached XP level 5. HP: 31/31 MP: 8/10 2533
                  | sewer
                  | Entered the sewers 2627
                  | sewer
                  | Noticed Purgy 2836
                  | sewer
                  | Killed Purgy 2836
                  | sewer
                  | Reached skill level 4 in Fire Magic 2836
                  | sewer
                  | Reached XP level 6. HP: 36/36 MP: 0/12
  3047 | D:4      | Learned a level 3 spell: Inner Flame
  3366 | D:5      | Entered Level 5 of the Dungeon
  3744 | D:5      | Reached skill level 1 in Evocations
  4096 | D:5      | Shot with an arrow by a centaur
